 Dungeon Crawl Stone Soup version 0.28-a0-919-g0b5b508569 (webtiles) character file.

Game seed: 16498492816683037246

21389 lunkers the Thaumaturge (level 13, 0/101 HPs)
             Began as a Djinni Cinder Acolyte on Nov 25, 2021.
             Was a High Priest of Ignis.
             Slain by a five-headed hydra (8 damage)
             ... on level 4 of the Lair of Beasts.
             The game lasted 00:29:45 (25709 turns).

lunkers the Thaumaturge (Djinni Cinder Acolyte)    Turns: 25709, Time: 00:29:45

Health: 0/101      AC: 10    Str:  8    XL:     13   Next: 19%
Gold:   344        EV:  8    Int: 27    God:    Ignis [*****.] SH:  8 Dex:  9

rFire   + + +      SeeInvis .   w - +4 dagger of Balance {holy, rPois rN+ Will+++ Str-5}
rCold   . . .      Faith    .   M - +0 kite shield
rNeg    + . .      Spirit   .   v - +0 acid dragon scales
rPois   ∞          Reflect  .   N - +0 helmet
rElec   .          Harm     .   B - +1 cloak
rCorr   +          Rampage  .   z - +0 pair of gloves {rF+}
Will    ++++.                   (boots unavailable)
Stlth   +.........              (no amulet)
HPRegen 0.26/turn               D - ring of protection from cold
MPRegen 0.00/turn               n - +6 ring of intelligence

@: flying, hasted, very quick
A: sickness immunity, fire resistance 2, cold vulnerability 1, float, innate
caster, hp casting, extra vitality 1
a: Renounce Religion, Fiery Armour, Foxfire Swarm, Rising Flame


You were on level 4 of the Lair of Beasts.
You worshipped Ignis.
Ignis was extremely pleased with you.
You visited 2 branches of the dungeon, and saw 14 of its levels.

You collected 759 gold pieces.
You spent 415 gold pieces at shops.

Inventory:

Hand Weapons
 a - a -1 short sword of flaming
 m - a +2 dagger of venom
 w - the +4 dagger of Balance (weapon) {holy, rPois rN+ Will+++ Str-5}
   (You bought it in a shop on level 6 of the Dungeon)

   It has been blessed by the Shining One to cause great damage to the undead
   and demons.
   Str:       It affects your strength (-5).
   rPois:     It protects you from poison.
   rN:        It protects you from negative energy.
   Will:      It greatly increases your willpower.
 A - the +6 shillelagh "Devastator" {shatter}
   (You found it on level 7 of the Dungeon)

   It releases a powerful concussive burst when it strikes, dealing extra damage
   to the target and all other foes adjacent to them.
 P - a +1 short sword of electrocution
Missiles
 f - 463 stones
 l - a throwing net
 Y - 3 curare-tipped darts
Armour
 d - a +0 buckler
 v - +0 acid dragon scales (worn)
 z - a +0 pair of gloves of fire resistance (worn)
 B - a +1 cloak (worn)
 G - a +2 robe of resistance
 M - a +0 kite shield (worn)
 N - a +0 helmet (worn)
Magical Staves
 s - a staff of cold
Jewellery
 n - a +6 ring of intelligence (right hand)
 t - the ring of the Sky {rPois rCorr Dex+3}
   (You found it on level 6 of the Dungeon)

   [ring of poison resistance]

   Dex:       It affects your dexterity (+3).
   rPois:     It protects you from poison.
   rCorr:     It protects you from acid and corrosion.
 y - a ring of protection from cold
 C - a +6 ring of dexterity
 D - a ring of protection from cold (left hand)
 H - a ring of resist corrosion
 I - a ring of positive energy
Wands
 o - a wand of mindburst (28)
 p - a wand of flame (42)
 E - a wand of iceblast (19)
 J - a wand of paralysis (12)
 L - a wand of digging (4)
Scrolls
 b - a scroll of fog
 j - 3 scrolls of silence
 k - 2 scrolls of teleportation
 u - a scroll of magic mapping
 S - a scroll of enchant weapon
 X - a scroll of enchant armour
Potions
 c - a potion of heal wounds
 e - a potion of mutation
 g - a potion of cancellation
 q - 3 potions of might
 x - a potion of resistance
 F - a potion of invisibility
 K - 4 potions of brilliance
 O - a potion of haste
 Q - a potion of lignification {unknown}
 T - a potion of ambrosia {unknown}
 U - 2 potions of attraction {unknown}
 W - a potion of curing
Miscellaneous
 R - a box of beasts
 V - a phial of floods


   Skills:
 + Level 12.3 Fighting
 - Level 2.6 Short Blades
 + Level 4.8 Shields
 * Level 13.2 Spellcasting


You had 17 spell levels left.
You knew the following spells:

 Your Spells              Type           Power      Damage    Failure   Level
a - Poisonous Vapours     Pois/Air       100%       N/A       1%          2
b - Sandblast             Erth           100%       2d20      1%          1
c - Searing Ray           Conj           100%       2d8       1%          2
d - Dispel Undead         Necr           73%        3d24      1%          4
e - Lee's Rapid Deconstr  Erth           36%        3d19*     2%          5
f - Iskenderun's Battles  Conj           73%        2d12      2%          5
p - Scorch                Fire           100%       2d10      1%          2
Your spell library was empty.

Dungeon Overview and Level Annotations

Branches:
Dungeon (10/15)            Temple (0/1) D:7            Lair (4/6) D:10
 Shoals (0/4) Lair:2        Snake (0/4) Lair:3          Orc (0/2) D:10

Altars:
Ashenzari
Dithmenos
Elyvilon
Gozag
Hepliaklqana
Kikubaaqudgha
Qazlal
Ru
Sif Muna
Trog
Wu Jian
Xom
Yredelemnul
Zin

Shops:
D:6 (   D:7 *   D:8 *[

Annotations:
D:3 1 runed translucent door
D:6 2 transporters, tvsian's ghost, novice HOFi


Innate Abilities, Weirdness & Mutations

You are immune to sickness and miasma.
You are immune to poison.
Your flesh is very heat resistant. (rF++)
You are vulnerable to cold. (rC-)
You float through the air rather than walking.
You learn spells naturally, not from books.
Your magical power is your life essence.
You have superior vitality. (+4 HP)


Message History

The five-headed hydra bites you!
* * * LOW HITPOINT WARNING * * *
The five-headed hydra bites you!
* * * LOW HITPOINT WARNING * * *
The five-headed hydra bites you but does no damage. x2
You block the five-headed hydra's attack.
Unknown command.
Unknown command.
Unknown command.
Found a stone staircase leading up.
The wolf is no longer more vulnerable to fire. x2
The wolf bites you.
* * * LOW HITPOINT WARNING * * *
The five-headed hydra bites you.
* * * LOW HITPOINT WARNING * * *
The five-headed hydra bites you but does no damage.
The five-headed hydra bites you!
* * * LOW HITPOINT WARNING * * *
The five-headed hydra bites you!
* * * LOW HITPOINT WARNING * * *
The five-headed hydra bites you.
* * * LOW HITPOINT WARNING * * *
The five-headed hydra is no longer more vulnerable to fire.
The wolf bites the plant!
The plant begins to die.
The wolf bites the plant!
Okay, then.
Okay, then.
You feel much better.
You block the five-headed hydra's attack.
The five-headed hydra bites you but does no damage.
The five-headed hydra barely misses you.
The five-headed hydra bites you.
* * * LOW HITPOINT WARNING * * *
The five-headed hydra bites you.
* * * LOW HITPOINT WARNING * * *
You feel yourself speed up.
The wolf bites the plant.
The wolf bites the plant!
You block the five-headed hydra's attack.
The five-headed hydra bites you!
* * * LOW HITPOINT WARNING * * *
The five-headed hydra bites you!
You die...

..# #..# #...P
...# ##.### ##
##...P###.#P###
##....hhD@.<...#
#......##.##...#
##....##### .#
#.#.## # #<#
#..†# #...#..
.......... .....
####.


You could see a five-headed hydra and 2 wolves.

Vanquished Creatures
  A catoblepas (Lair:3)
  A two-headed ogre (D:10)
  A hydra (D:10)
  A centaur warrior (D:10)
  A death knight (D:9)
  Sonja (Lair:3)
  Nergalle (Lair:1)
  Pikel (D:6)
  3 manticores
  A merfolk siren (Lair:2)
  A black mamba (Lair:1)
  6 cane toads
  Psyche (D:8)
  3 komodo dragons
  Maggie (D:6)
  An efreet (D:10)
  An unseen horror (D:5)
  A troll (D:9)
  A hornet (D:4)
  Prince Ribbit (Lair:3)
  8 blink frogs (Lair:3)
  A shadow (D:9)
  4 wyverns
  18 yaks
  A basilisk (D:10)
  A steam dragon (D:4)
  Grum (D:8)
  Edmund (D:5)
  Menkaure (D:6)
  8 water moccasins
  An ice beast (D:5)
  2 orc warriors
  2 sky beasts (D:7)
  2 black bears
  2 ogres
  12 wolves
  7 centaurs
  2 phantoms
  3 lemures (D:6)
  2 kobold brigands (D:7)
  A gnoll sergeant (D:10)
  5 bullfrogs
  A scorpion (D:5)
  A wyvern zombie (D:8)
  A water moccasin zombie (D:5)
  8 killer bees
  A wight (D:9)
  A howler monkey (D:8)
  3 centaur zombies
  A hound (D:7)
  2 orc priests (D:5)
  Crazy Yiuf (D:7)
  A centaur skeleton (D:5)
  4 jellies
  A bullfrog skeleton (D:3)
  2 iguanas
  Natasha (thrice) (D:3)
  11 orc wizards
  3 killer bee zombies
  3 hound skeletons
  A howler monkey zombie (D:7)
  10 gnolls
  9 adders
  A shadow imp (D:6)
  A white imp (D:8)
  An ufetubus (D:6)
  3 adder skeletons
  6 worms
  3 dart slugs
  19 orcs
  12 ball pythons
  7 endoplasms
  4 giant cockroaches
  8 goblins
  2 hobgoblins
  A jackal (D:4)
  2 quokkas (D:2)
  7 bats
  4 frilled lizards
  16 kobolds
  A kobold skeleton (D:3)
  A kobold zombie (D:3)
  7 rats
288 creatures vanquished.

Vanquished Creatures (others)
  A yak (D:10)
  5 fungi
  15 plants
21 creatures vanquished.

Grand Total: 309 creatures vanquished

Notes
Turn   | Place    | Note
-------+----------+-------------------------------------------
     0 | D:1      | lunkers the Djinni Cinder Acolyte began the quest for the
                  | Orb.
     0 | D:1      | Reached XP level 1. HP: 20/20 MP: 0/0
   133 | D:1      | Found a faded altar of an unknown god.
   478 | D:1      | Reached XP level 2. HP: 24/25 MP: 0/0
  1537 | D:1      | Reached XP level 3. HP: 27/30 MP: 0/0
  1537 | D:1      | Learned a level 1 spell: Sandblast
  1949 | D:2      | Reached skill level 3 in Spellcasting
  2594 | D:2      | Reached XP level 4. HP: 28/35 MP: 0/0
  3188 | D:2      | Found an opulent altar of Gozag.
  3706 | D:3      | Reached XP level 5. HP: 22/41 MP: 0/0
  3706 | D:3      | Learned a level 2 spell: Poisonous Vapours
  4075 | D:3      | Reached skill level 4 in Spellcasting
  4204 | D:3      | Found a white marble altar of Elyvilon.
  4443 | D:3      | Found a runed translucent door.
  4443 | D:3      | Noticed a human
  4476 | D:3      | Found a basalt altar of Yredelemnul.
  4833 | D:3      | Noticed Natasha
  4840 | D:3      | Killed Natasha
  4841 | D:3      | Reached XP level 6. HP: 30/47 MP: 0/0
  4892 | D:3      | Noticed Natasha
  4896 | D:3      | Killed Natasha
  5124 | D:3      | Noticed Natasha
  5128 | D:3      | Killed Natasha
  5652 | D:4      | Noticed a steam dragon
  5664 | D:4      | Killed a steam dragon
  5665 | D:4      | Reached XP level 7. HP: 20/53 MP: 0/0
  5665 | D:4      | Learned a level 2 spell: Searing Ray
  5870 | D:4      | Noticed a hornet
  5877 | D:4      | Killed a hornet
  5878 | D:4      | Reached skill level 5 in Fighting
  5878 | D:4      | Reached skill level 5 in Spellcasting
  6329 | D:4      | Reached XP level 8. HP: 51/60 MP: 0/0
  6672 | D:4      | Found a broken altar of Ashenzari.
  7078 | D:4      | Reached skill level 6 in Spellcasting
  7546 | D:5      | Entered Level 5 of the Dungeon
  7667 | D:5      | Found a glowing silver altar of Zin.
  8498 | D:5      | Noticed Edmund
  8521 | D:5      | Killed Edmund
  8522 | D:5      | Reached skill level 7 in Spellcasting
  8522 | D:5      | Reached XP level 9. HP: 59/67 MP: 0/0
  8522 | D:5      | Learned a level 4 spell: Dispel Undead
  9011 | D:5      | Found a sacrificial altar of Ru.
  9133 | D:5      | Killed an unseen horror
  9636 | D:6      | Found Titsukke's Antique Weapon Emporium.
  9928 | D:6      | Noticed Menkaure
  9933 | D:6      | Reached skill level 8 in Spellcasting
  9973 | D:6      | Killed Menkaure
 10304 | D:6      | Found a shadowy altar of Dithmenos.
 10309 | D:6      | Found a transporter.
 10311 | D:6      | Noticed tvsian's ghost (novice HOFi)
 10327 | D:6      | Noticed Pikel
 10386 | D:6      | Killed Pikel
 10387 | D:6      | Reached XP level 10. HP: 45/76 MP: 0/0
 10547 | D:6      | Found a transporter.
 10852 | D:6      | Noticed Maggie
 10853 | D:6      | Identified the ring of the Sky {rPois rCorr Dex+3}
 10865 | D:6      | Killed Maggie
 10866 | D:6      | Reached skill level 9 in Spellcasting
 11278 | D:6      | Bought a smouldering dagger for 210 gold pieces
 11278 | D:6      | Identified the +4 dagger of Balance {holy, rPois rN+
                  | Will+++ Str-5} (You bought it in a shop on level 6 of the
                  | Dungeon)
 11625 | D:7      | Found a shimmering altar of Xom.
 11644 | D:7      | Found Pyliozyic's Hallowed Reliquary.
 11651 | D:7      | Noticed an angel
 11755 | D:7      | Found a staircase to the Ecumenical Temple.
 12729 | D:7      | Found a runed translucent door.
 12729 | D:7      | Found the +6 shillelagh "Devastator" {shatter}
 12755 | D:7      | Noticed Crazy Yiuf
 12761 | D:7      | Killed Crazy Yiuf
 13641 | D:8      | Found Jeddeet's Fire Supplies.
 13772 | D:8      | Found Vaeph's Armour Shoppe.
 13796 | D:8      | Noticed Grum
 13799 | D:8      | Reached skill level 1 in Shields
 13821 | D:8      | Killed Grum
 13822 | D:8      | Reached skill level 10 in Spellcasting
 14367 | D:8      | Found a bloodstained altar of Trog.
 14432 | D:8      | Noticed Psyche
 14441 | D:8      | Killed Psyche
 14442 | D:8      | Reached XP level 11. HP: 65/84 MP: 0/0
 14442 | D:8      | Learned a level 5 spell: Lee's Rapid Deconstruction
 14606 | D:8      | Found a stormy altar of Qazlal.
 14697 | D:9      | Noticed a manticore
 14708 | D:9      | Found a hazy altar of Hepliaklqana.
 14746 | D:9      | Killed a manticore
 14930 | D:9      | Noticed a death knight
 14965 | D:9      | Killed a death knight
 16176 | D:10     | Entered Level 10 of the Dungeon
 16176 | D:10     | Noticed a two-headed ogre
 16209 | D:10     | Killed a two-headed ogre
 16210 | D:10     | Reached skill level 10 in Fighting
 16723 | D:10     | Found a staircase to the Lair.
 16912 | D:10     | Found an ornate altar of the Wu Jian Council.
 17175 | D:10     | Found a staircase to the Orcish Mines.
 17559 | D:10     | Noticed a manticore
 17560 | D:10     | Noticed a manticore
 17567 | D:10     | Killed a manticore
 17568 | D:10     | Reached skill level 11 in Spellcasting
 17972 | D:10     | Noticed a centaur warrior
 18005 | D:10     | HP: 3/86 [centaur/arrow (10)]
 19226 | D:10     | Killed a manticore
 19465 | D:10     | Killed a centaur warrior
 19466 | D:10     | Reached XP level 12. HP: 19/93 MP: 0/0
 19510 | D:10     | Noticed a seven-headed hydra
 19791 | D:10     | Killed a seven-headed hydra
 20265 | D:8      | Bought a +0 pair of gloves of fire resistance for 138 gold
                  | pieces
 20330 | D:8      | Bought a +0 helmet for 67 gold pieces
 20398 | Lair:1   | Entered Level 1 of the Lair of Beasts
 21417 | Lair:2   | Noticed Nergalle
 21517 | Lair:1   | Killed Nergalle
 21518 | Lair:1   | Reached skill level 12 in Spellcasting
 22785 | Lair:2   | Found a staircase to the Shoals.
 23969 | Lair:3   | Noticed Prince Ribbit
 23980 | Lair:3   | Killed Prince Ribbit
 24616 | Lair:3   | Reached XP level 13. HP: 56/101 MP: 0/0
 24616 | Lair:3   | Learned a level 5 spell: Iskenderun's Battlesphere
 24800 | Lair:3   | Found a staircase to the Snake Pit.
 24809 | Lair:3   | Reached skill level 13 in Spellcasting
 24813 | Lair:3   | Noticed Sonja
 24820 | Lair:3   | Killed Sonja
 24821 | Lair:3   | Noticed a catoblepas
 24892 | Lair:3   | Killed a catoblepas
 25698 | Lair:4   | Noticed a five-headed hydra
 25706 | Lair:4   | HP: 5/101 [five-headed hydra (4)]
 25709 | Lair:4   | Slain by a five-headed hydra

Illustrated notes

Levels and vault maps discovered:
D:1:      wheals_arrival_linesprint, layout_loops_corners,
          shapermc_ecumenical_altar_notcrosses
D:2:      minmay_alternating_diamond, layout_basic, serial_bayou,
          serial_bayou_pond_b, serial_bayou_lake_a, serial_bayou_ford_a,
          serial_bayou_shore_a, serial_bayou_pond_b, basic_altar
D:3:      layout_loops_ring, elyvilon_altar_5, dk_yredelemnul_ordeal,
          uniq_natasha
D:4:      minmay_clustersquares, layout_cave_pods, kennysheep_little_box,
          st_stairs_3
D:5:      layout_basic, nicolae_ru_awakened_eye, mainiacjoe_overflow_catwalk,
          uniq_edmund
D:6:      layout_basic, nicolae_dithmenos_through_a_glass_darkly,
          gammafunk_ghost_stat_death, serial_shops, nicolae_stop_n_shop_2,
          chequers_serial_rivers_micro_d, kb_lookout_dungeons_type,
          chequers_arboretum, uniq_maggie, uniq_menkaure, uniq_pikel
D:7:      layout_loops_ring, dk_xom_monty_hall, temple_pool_b,
          nicolae_good_shop, uniq_crazy_yiuf_cottage
D:8:      layout_loops_corners, kiku_gazebo_pond_becter, marbit_many_paths,
          lemuel_tele_altar, serial_shops, shop, nicolae_shop_fire_sale
          [nicolae_sub_dead_trees], uniq_grum, uniq_psyche
D:9:      layout_loops_ring, nicolae_hepliaklqana_hazy_memory
D:10:     layout_long_grid, lemuel_crystal_altar, nicolae_wu_jian_wuxing_cycle,
          david_lair_generic, orc_0_dummy, minmay_hedge_maze,
          nrook_loot_triangle, minmay_fractal_squares_gapless_7
Lair:1:   layout_big_grid
Lair:2:   layout_hall_layers, minmay_shoals_entry_lonely_mermaid,
          grunt_megastairs_1, lemuel_fruit_tree, uniq_nergalle
Lair:3:   layout_cave_pods, dummy_snake_entry, minivault_27, uniq_sonja,
          uniq_prince_ribbit2
Lair:4:   layout_loops_ring, columned_hall_lemuel

Skill      XL: |  1  2  3  4  5  6  7  8  9 10 11 12 13 |
---------------+----------------------------------------+-----
Spellcasting   | 3 4 5 7 8 10 11 12 13 | 13.2
Fighting       | 4 5 6 8 9 10 12 | 12.3
Shields        | 2 4 |  4.8
Short Blades   | |  2.6

Action                   |  1- 3 |  4- 6 |  7- 9 | 10-12 | 13-15 || total
-------------------------+-------+-------+-------+-------+-------++-------
Melee: Short sword       |    38 |       |       |       |       ||    38
       Dagger            |       |       |    40 |    40 |     1 ||    81
 Cast: Scorch            |    41 |    74 |    56 |   180 |    19 ||   370
       Sandblast         |       |     1 |       |       |       ||     1
       Poisonous Vapours |       |    38 |   108 |   289 |     5 ||   440
       Searing Ray       |       |       |     4 |     3 |       ||     7
       Dispel Undead     |       |       |     2 |     5 |       ||     7
       Lee's Rapid Decon |       |       |       |    16 |     4 ||    20
Evoke: Wand              |       |       |       |     9 |     1 ||    10
  Use: Scroll            |       |     9 |     2 |    13 |     2 ||    26
       Potion            |       |       |     2 |     2 |     2 ||     6
Armor: Robe              |    11 |     3 |    11 |     1 |       ||    26
       Acid dragon scale |       |       |       |    83 |    20 ||   103
Dodge: Dodged            |    40 |     4 |    46 |   143 |     9 ||   242
Block: Buckler           |       |       |       |    23 |       ||    23
       Kite shield       |       |       |       |    50 |    15 ||    65

Table legend: (Time is in decaauts)
 A = Elapsed time spent in this place.
 B = Non-inter-level travel time spent in this place.
 C = Inter-level travel time spent in this place.
 D = Time resting spent in this place.
 E = Time spent auto-exploring this place.
 F = Levels seen in this place.
 G = Mean time per level.
                   A        B        C        D        E       F      G
               +--------+--------+--------+--------+--------+-----+--------+
         Total |  25714 |  24982 |    732 |   2092 |  20042 |  14 | 1836.7 |
       Dungeon |  20398 |  19777 |    621 |   1013 |  16592 |  10 | 2039.8 |
          Lair |   5316 |   5206 |    110 |   1079 |   3450 |   4 | 1329.0 |
               +--------+--------+--------+--------+--------+-----+--------+

Top non-repeatable levels by time:
    D:10: 3066 daAuts
     D:9: 2506 daAuts
     D:5: 2085 daAuts
     D:4: 2068 daAuts
  Lair:1: 1980 daAuts
  Lair:3: 1915 daAuts
     D:1: 1896 daAuts
     D:3: 1888 daAuts
     D:7: 1773 daAuts
     D:8: 1765 daAuts
     D:2: 1694 daAuts
     D:6: 1651 daAuts
  Lair:2: 1400 daAuts
  Lair:4: 19 daAuts
